AoeStats
← CMCHJK

Yucatan

510475933Analyzed
2v2 RM · 1d ago on Oct 1, 2026· 41m 6s· 4 players
Game mode
Random Map
Map size
Medium (4 player)
Population
200
Speed
Normal
Resources
Standard
Victory
Conquest
Starting age
Dark Age
Ending age
Imperial Age
RankedLock teamsTeams togetherTeam positionsShared explorationLock speedFull tech treeHidden civsTurbo modeCheats
Victory
Defeat
🇺🇸 Varangians · United States
1345
+13
🇲🇾 Mongols · Malaysia
1315
+15
🇺🇸 Danes · United States
1285
-14
🇺🇸 Italians · United States
1285
-14
Tintagel
9:40 Feudal Age
7:57 Loom
10:13 Double-Bit Axe
10:08 Horse Collar
16:02 Gold Mining
16:08 Stone Mining
18:33 Castle Age
16:45 Padded Archer Armor
16:35 Fletching
18:09 Bloodlines
26:35 Bodkin Arrow
27:01 Ballistics
28:48 Leather Archer Armor
29:27 Bow Saw
29:18 Heavy Plow
33:01 Wheelbarrow
32:12 Town Watch
35:23 Imperial Age
34:55 Nomads
36:28 Conscription
36:38 Parthian Tactics
36:16 Bracer
35:46 Elite Mangudai
37:52 Chemistry
40:09 Thumb Ring
CMCHJK
9:10 Feudal Age
13:08 Castle Age
11:07 Double-Bit Axe
13:41 Loom
14:47 Scale Barding Armor
15:48 Forging
16:00 Husbandry
16:43 Bloodlines
16:23 Horse Collar
16:36 Gold Mining
23:02 Wheelbarrow
23:46 Chain Barding Armor
27:48 Bow Saw
27:38 Heavy Plow
28:40 Hand Cart
29:12 Stone Mining
31:26 Stone Shaft Mining
32:01 Iron Casting
34:34 Imperial Age
36:16 Plate Barding Armor
35:02 Cavalier
37:45 Blast Furnace
38:43 Two-Man Saw
38:13 Crop Rotation
37:57 Light Cavalry
39:43 Vendel Legacy
42:01 Conscription
daytonagrey
7:47 Loom
10:19 Feudal Age
18:27 Castle Age
16:57 Fletching
18:13 Padded Archer Armor
18:34 Crossbowman
19:48 Double-Bit Axe
20:41 Horse Collar
25:36 Wheelbarrow
26:55 Wheelbarrow
27:42 Bodkin Arrow
28:15 Gold Mining
29:47 Stone Mining
33:45 Leather Archer Armor
34:21 Ballistics
34:47 Bow Saw
35:56 Heavy Plow
36:14 Thumb Ring
40:43 Imperial Age
38:49 Masonry
39:18 Hand Cart
dthntxs
9:24 Loom
11:09 Feudal Age
12:17 Double-Bit Axe
16:05 Castle Age
14:40 Gold Mining
15:40 Stone Mining
16:59 Bow Saw
22:58 Fletching
25:32 Wheelbarrow
25:29 Horse Collar
27:00 Bodkin Arrow
27:30 Sanctity
28:47 Hand Cart
29:02 Heavy Plow
29:54 Scale Mail Armor
30:20 Squires
30:51 Fervor
31:13 Chain Mail Armor
32:54 Forging
35:43 Imperial Age
36:17 Iron Casting
36:25 Stone Shaft Mining
36:27 Gold Shaft Mining
36:53 Elite Varangian Guard
Connection lost

Rejoining the realm…

Still unreachable

The connection could not be restored.

Session expired

The server has moved on; the page needs a fresh start.